[ AOE2 MATCH · #507286876 ]
UnrankedLithuanians vs Maya
[ REPLAY ANALYSIS · EXTRACTED FROM THE RECORDED GAME ]
Feudal
8:59
Castle
—
Imperial
—
| APM avg | 62.6 |
| APM peak | 103 |
| eAPM avg | 23.1 |
| Villagers / military | 44 / 6 |
Focus
⚔️ 28.7% · 🌾 71.3%
Skirmisher ×5 · Archer ×1
Feudal
11:00
Castle
18:51
Imperial
—
| APM avg | 52.6 |
| APM peak | 89 |
| eAPM avg | 28.5 |
| Villagers / military | 41 / 23 |
Focus
⚔️ 30.6% · 🌾 69.4%
Archer ×13 · Militia ×5 · Eagle Scout ×3 · Skirmisher ×2
Match map
Initial resources + every placement click. Lines = walls · curves = elevation contours. ◆ gold · ⬟ stone · ● berries · ✦ relic · ◌ wall gap
Your base· Open — unwalled flank
Jaco's base· Open — opponent sealed themselves in
Smoothed initial terrain · ◌ = detected wall gap · hover for details
Inputs per minute
— Katega - - Jaco
Build order — Katega
109 actions detected in the replay
| 0:00 | Queue | Villager (Male) |
| 0:02 | Build | House |
| 0:03 | Build | House |
| 0:07 | Queue | Villager (Male) |
| 0:07 | Queue | Villager (Male) |
| 0:13 | Queue | Villager (Male) |
| 0:14 | Queue | Villager (Male) |
| 0:17 | Queue | Villager (Male) |
| 0:17 | Queue | Villager (Male) |
| 1:27 | Queue | Villager (Male) |
| 1:45 | Build | Lumber Camp |
| 1:50 | Build | Lumber Camp |
| 2:01 | Queue | Villager (Male) |
| 2:40 | Queue | Villager (Male) |
| 2:41 | Queue | Villager (Male) |
| 2:41 | Queue | Villager (Male) |
| 3:29 | Queue | Villager (Male) |
| 3:32 | Build | Mill |
| 4:34 | Queue | Villager (Male) |
| 4:34 | Queue | Villager (Male) |
| 4:41 | Research | Loom |
| 4:43 | Build | House |
| 4:57 | Queue | Villager (Male) |
| 4:57 | Queue | Villager (Male) |
| 5:13 | Build | House |
| 5:20 | Queue | Villager (Male) |
| 5:40 | Queue | Villager (Male) |
| 6:28 | Queue | Villager (Male) |
| 6:49 | Research | Feudal Age |
| 6:49 | Research | Feudal Age |
| 7:24 | Queue | Villager (Male) |
| 7:58 | Build | Palisade Wall |
| 7:59 | Build | Palisade Wall |
| 8:02 | Build | Palisade Wall |
| 8:25 | Build | Palisade Wall |
| 8:32 | Build | Lumber Camp |
| 8:41 | Build | Palisade Wall |
| 8:44 | Build | Palisade Wall |
| 8:45 | Build | Palisade Wall |
| 8:59 | Age | Feudal Age |
| 9:00 | Build | Barracks |
| 9:02 | Queue | Villager (Male) |
| 9:45 | Build | Archery Range |
| 9:52 | Queue | Villager (Male) |
| 9:52 | Queue | Villager (Male) |
| 9:52 | Queue | Villager (Male) |
| 10:11 | Research | Double-Bit Axe |
| 10:26 | Queue | Skirmisher |
| 10:43 | Build | Palisade Wall |
| 10:52 | Queue | Skirmisher |
| 11:10 | Queue | Villager (Male) |
| 11:13 | Build | House |
| 11:14 | Build | House |
| 11:16 | Build | Farm |
| 11:20 | Queue | Skirmisher |
| 11:27 | Queue | Skirmisher |
| 11:31 | Queue | Villager (Male) |
| 11:49 | Build | Mining Camp |
| 11:51 | Queue | Villager (Male) |
| 12:03 | Build | Farm |
| 12:06 | Build | Farm |
| 12:07 | Build | Farm |
| 12:23 | Queue | Villager (Male) |
| 13:01 | Queue | Skirmisher |
| 13:02 | Queue | Villager (Male) |
| 13:11 | Build | Farm |
| 13:12 | Build | Farm |
| 13:18 | Build | Farm |
| 13:19 | Build | Farm |
| 13:35 | Queue | Villager (Male) |
| 13:36 | Queue | Villager (Male) |
| 13:42 | Build | Palisade Wall |
| 13:51 | Build | House |
| 13:55 | Build | Palisade Wall |
| 14:03 | Queue | Villager (Male) |
| 14:24 | Build | Palisade Gate |
| 14:35 | Build | Mill |
| 14:49 | Build | Palisade Wall |
| 14:53 | Queue | Villager (Male) |
| 14:53 | Queue | Villager (Male) |
| 15:12 | Build | Palisade Wall |
| 15:14 | Build | Palisade Wall |
| 15:18 | Queue | Villager (Male) |
| 15:18 | Queue | Villager (Male) |
| 15:38 | Build | House |
| 15:55 | Build | House |
| 16:04 | Build | Blacksmith |
| 16:12 | Build | House |
| 16:36 | Queue | Villager (Male) |
| 16:36 | Queue | Villager (Male) |
| 16:36 | Queue | Villager (Male) |
| 16:56 | Queue | Villager (Male) |
| 17:01 | Research | Fletching |
| 17:06 | Build | House |
| 17:09 | Build | House |
| 17:12 | Build | House |
| 17:16 | Build | House |
| 17:29 | Build | Farm |
| 17:47 | Build | Farm |
| 17:48 | Build | Farm |
| 17:50 | Build | Farm |
| 17:52 | Build | Farm |
| 17:54 | Queue | Villager (Male) |
| 17:54 | Queue | Villager (Male) |
| 18:16 | Queue | Archer |
| 18:31 | Build | Stable |
| 18:37 | Build | House |
| 18:41 | Build | House |
| 18:46 | Queue | Villager (Male) |
Build order — Jaco
117 actions detected in the replay
| 0:01 | Queue | Villager (Male) |
| 0:01 | Queue | Villager (Male) |
| 0:01 | Queue | Villager (Male) |
| 0:02 | Build | House |
| 0:04 | Research | Loom |
| 0:06 | Build | House |
| 0:08 | Queue | Villager (Male) |
| 0:08 | Queue | Villager (Male) |
| 0:11 | Queue | Villager (Male) |
| 0:11 | Queue | Villager (Male) |
| 1:28 | Queue | Villager (Male) |
| 1:53 | Queue | Villager (Male) |
| 1:56 | Build | Lumber Camp |
| 2:35 | Queue | Villager (Male) |
| 2:35 | Queue | Villager (Male) |
| 2:36 | Queue | Villager (Male) |
| 2:37 | Queue | Villager (Male) |
| 3:08 | Queue | Villager (Male) |
| 3:08 | Queue | Villager (Male) |
| 3:20 | Queue | Villager (Male) |
| 3:20 | Queue | Villager (Male) |
| 4:01 | Queue | Villager (Male) |
| 4:04 | Build | House |
| 4:39 | Queue | Villager (Male) |
| 4:42 | Build | House |
| 4:55 | Queue | Villager (Male) |
| 5:05 | Build | Barracks |
| 5:09 | Build | Barracks |
| 5:16 | Queue | Villager (Male) |
| 5:28 | Queue | Villager (Male) |
| 5:49 | Build | House |
| 6:09 | Queue | Villager (Male) |
| 6:12 | Queue | Militia |
| 6:12 | Queue | Militia |
| 6:15 | Queue | Militia |
| 6:15 | Queue | Militia |
| 6:36 | Queue | Villager (Male) |
| 6:37 | Queue | Militia |
| 6:47 | Queue | Villager (Male) |
| 6:54 | Build | Mill |
| 7:32 | Queue | Villager (Male) |
| 7:41 | Queue | Villager (Male) |
| 8:07 | Queue | Villager (Male) |
| 8:49 | Research | Feudal Age |
| 8:49 | Research | Feudal Age |
| 9:14 | Build | Mining Camp |
| 9:26 | Build | Lumber Camp |
| 9:56 | Queue | Villager (Male) |
| 10:03 | Build | House |
| 10:08 | Build | House |
| 10:09 | Build | House |
| 11:00 | Age | Feudal Age |
| 11:16 | Queue | Villager (Male) |
| 11:19 | Build | Archery Range |
| 11:21 | Research | Double-Bit Axe |
| 11:21 | Research | Double-Bit Axe |
| 11:24 | Build | Farm |
| 11:26 | Build | Farm |
| 11:27 | Queue | Villager (Male) |
| 11:33 | Queue | Villager (Male) |
| 11:47 | Queue | Villager (Male) |
| 11:53 | Queue | Villager (Male) |
| 11:54 | Build | Farm |
| 12:00 | Build | Mill |
| 12:06 | Queue | Villager (Male) |
| 12:10 | Build | Farm |
| 12:11 | Queue | Villager (Male) |
| 12:16 | Queue | Archer |
| 12:16 | Queue | Archer |
| 12:25 | Queue | Eagle Scout |
| 12:30 | Queue | Villager (Male) |
| 12:31 | Build | Farm |
| 13:01 | Build | Farm |
| 13:15 | Build | Farm |
| 13:19 | Build | Farm |
| 13:29 | Queue | Skirmisher |
| 13:29 | Queue | Skirmisher |
| 13:31 | Queue | Eagle Scout |
| 13:33 | Queue | Villager (Male) |
| 13:44 | Build | Farm |
| 13:46 | Build | Farm |
| 14:11 | Queue | Eagle Scout |
| 14:22 | Queue | Archer |
| 14:22 | Queue | Archer |
| 14:27 | Build | House |
| 14:35 | Build | Palisade Wall |
| 14:35 | Build | Palisade Wall |
| 14:36 | Build | Palisade Wall |
| 14:47 | Build | Blacksmith |
| 14:49 | Build | House |
| 14:55 | Queue | Villager (Male) |
| 14:56 | Build | Farm |
| 15:10 | Build | House |
| 15:12 | Build | Palisade Wall |
| 15:17 | Queue | Archer |
| 15:20 | Queue | Villager (Male) |
| 15:40 | Build | House |
| 15:41 | Build | House |
| 16:11 | Research | Castle Age |
| 16:11 | Research | Castle Age |
| 16:22 | Queue | Archer |
| 16:27 | Build | Archery Range |
| 16:36 | Research | Horse Collar |
| 16:42 | Research | Fletching |
| 16:46 | Queue | Archer |
| 16:59 | Queue | Archer |
| 17:06 | Research | Horse Collar |
| 17:06 | Research | Horse Collar |
| 17:29 | Research | Gold Mining |
| 17:30 | Queue | Archer |
| 17:31 | Queue | Archer |
| 17:49 | Queue | Archer |
| 17:57 | Queue | Villager (Male) |
| 18:13 | Research | Padded Archer Armor |
| 18:16 | Queue | Archer |
| 18:16 | Queue | Archer |
| 18:51 | Age | Castle Age |
Match timeline
| 5:05 | Jaco · first_building Barracks |
| 7:58 | Katega · wall_segment Palisade Wall x1 |
| 7:59 | Katega · wall_segment Palisade Wall x1 |
| 8:02 | Katega · wall_segment Palisade Wall x1 |
| 8:25 | Katega · wall_segment Palisade Wall x2 |
| 8:41 | Katega · wall_segment Palisade Wall x1 |
| 8:44 | Katega · wall_segment Palisade Wall x1 |
| 8:45 | Katega · wall_segment Palisade Wall x1 |
| 8:59 | Katega · age_up feudal |
| 9:00 | Katega · first_building Barracks |
| 9:45 | Katega · first_building Archery Range |
| 10:43 | Katega · wall_segment Palisade Wall x1 |
| 11:00 | Jaco · age_up feudal |
| 11:19 | Jaco · first_building Archery Range |
| 13:42 | Katega · wall_segment Palisade Wall x11 |
| 13:55 | Katega · wall_segment Palisade Wall x17 |
| 14:35 | Jaco · wall_segment Palisade Wall x1 |
| 14:35 | Jaco · wall_segment Palisade Wall x1 |
| 14:36 | Jaco · wall_segment Palisade Wall x1 |
| 14:49 | Katega · wall_segment Palisade Wall x1 |
| 15:12 | Katega · wall_segment Palisade Wall x4 |
| 15:12 | Jaco · wall_segment Palisade Wall x3 |
| 15:14 | Katega · wall_segment Palisade Wall x7 |
| 18:31 | Katega · first_building Stable |
| 18:51 | Jaco · age_up castle |
| 18:55 | Katega · resign |
[ AI ANALYSIS · 1 CREDIT ]
What really happened in this match?
Wolo.gg analyzes every decision: build order, eco, micro, common mistakes by bracket. Personalized analysis on WhatsApp or Discord in 30 seconds.
Civ guide
Lithuanians
Perfil
Jugador #12241418